 Dungeon Crawl Stone Soup version 0.30.1 (webtiles) character file.

Game seed: 9008400008941386596

70 wingedge the Chiller (level 3, 0/42 HPs)
             Began as a Demigod Wanderer on July 8, 2023.
             Succumbed to an adder's poison
             ... on level 3 of the Dungeon.
             The game lasted 00:04:40 (2099 turns).

wingedge the Chiller (Demigod Wanderer)             Turns: 2099, Time: 00:04:40

Health: 0/42       AC:  2    Str: 13    XL:     3   Next: 76%
Magic:  1/8        EV: 10    Int: 17    God:
Gold:   67         SH:  3    Dex: 14    Spells: 2/6 levels left

rFire   . . .        a - +0 hand axe
rCold   . . .        k - +0 buckler
rNeg    . . .        d - +0 robe
rPois   .            (no helmet)
rElec   .            (no cloak)
rCorr   .            (no gloves)
SInv    .            (no boots)
Will    .....        (no amulet) Stlth
                     (no ring)
HPRegen 0.27/turn    (no ring)
MPRegen 0.11/turn

%: no passive effects
@: berserking, lethally poisoned (0 -> -8), very quick
A: high MP 1, forlorn, divine attributes
a: no special abilities


You were on level 3 of the Dungeon.
You visited 1 branch of the dungeon, and saw 3 of its levels.

You collected 67 gold pieces.

Inventory:

Hand Weapons
 a - a +0 hand axe (weapon)
Armour
 d - a +0 robe (worn)
 k - a +0 buckler (worn)
Magical Staves
 i - a staff of fire
Wands
 b - a wand of flame (7)
Scrolls
 f - a scroll of teleportation
 g - 3 scrolls of noise
 h - a scroll of magic mapping
 l - a scroll of enchant weapon
 n - a scroll of blinking {unknown}
Potions
 j - a potion of mutation {unknown}
 m - a potion of resistance {unknown}


   Skills:
 + Level 1.5 Fighting
 - Level 1.0 Axes
 - Level 2.0 Stealth
 - Level 2.0 Spellcasting
 + Level 1.0 Conjurations
 - Level 5.0 Ice Magic
 - Level 1.0 Evocations


You had 2 spell levels left.
You knew the following spells:

 Your Spells              Type           Power      Damage    Failure   Level
a - Freeze                Ice            72%        1d8       3%          1
b - Hailstorm             Conj/Ice       11%        3d5       24%         3

Your spell library contained the following spells:

 Spells                   Type           Power      Damage    Failure   Level
 Dazzling Flash           Conj/Hex       6%         N/A       54%         3
 Ice Form                 Ice/Tmut       10%        N/A       67%         4
 Agony                    Necr           1%         N/A       100%        5
 Silence                  Hex/Air        0%         N/A       100%        5


Dungeon Overview and Level Annotations

Branches:
Dungeon (3/15)


Innate Abilities, Weirdness & Mutations

You have an increased reservoir of magic. (+10% MP)
You shall have no god before yourself.
Your divine heritage dramatically boosts your attributes as you level up.


Message History

You block the adder's attack.
You miss the adder.
The adder is almost dead.
You hit the hobgoblin. The adder bites you.
You are poisoned.
The adder poisons you! The adder bites you. The hobgoblin hits you.
You closely miss the adder.
The adder is almost dead.
You hit the hobgoblin but do no damage.
You feel sick. The adder bites you but does no damage. The hobgoblin hits you.
* * * LOW HITPOINT WARNING * * *
The adder closely misses you.
A red film seems to cover your vision as you go berserk!
You feel yourself moving faster!
You feel mighty!
You feel sick. The hobgoblin barely misses you. The adder misses you.
You completely miss the adder.
The adder is almost dead.
You barely miss the hobgoblin.
You feel sick.
The hobgoblin hits you but does no damage.
The adder bites you.
* * * LOW HITPOINT WARNING * * *
You are lethally poisoned!
The adder poisons you!
You closely miss the adder.
The adder is almost dead.
You hit the hobgoblin.
You kill the hobgoblin!
* * * LOW HITPOINT WARNING * * *
You feel sick. The adder bites you.
* * * LOW HITPOINT WARNING * * *
You are more poisoned.
The adder poisons you!
You closely miss the adder.
The adder is almost dead.
* * * LOW HITPOINT WARNING * * *
You feel very sick. The adder barely misses you.
You barely miss the adder.
The adder is almost dead.
You die...

.## ..# #.## #..
# ... .#
#.##.###.
#........ #@S#
#..# # #..#.#...
########........
#....†......#.##
###.####......#
#.............#
#.#.####.....##
#.<.>####.$....


You could see an adder.

Vanquished Creatures
  An adder (D:2)
  3 dart slugs
  4 endoplasms
  3 giant cockroaches
  6 goblins
  2 hobgoblins
  5 jackals (D:1)
  7 kobolds
  A quokka (D:2)
  5 ball pythons
  8 bats
  4 frilled lizards
  A rat (D:1)
50 creatures vanquished.

Notes
Turn   | Place    | Note
-------+----------+-------------------------------------------
     0 | D:1      | wingedge the Demigod Wanderer began the quest for the Orb.
     0 | D:1      | wingedge set off with the following items: a +0 hand axe, a
                  | wand of flame (7), a potion of berserk rage, a +0 robe; and
                  | the following spell memorised: Freeze; and the following
                  | spells available to memorise: Hailstorm, Ice Form.
     0 | D:1      | Reached XP level 1. HP: 16/16 MP: 5/5
   170 | D:1      | Reached skill level 1 in Stealth
   314 | D:1      | Reached XP level 2. HP: 23/23 MP: 5/7
  1145 | D:2      | Reached XP level 3. HP: 28/28 MP: 6/8
  1191 | D:2      | Learned a level 3 spell: Hailstorm
  1988 | D:3      | Reached skill level 5 in Ice Magic
  2089 | D:3      | Reached skill level 1 in Conjurations
  2098 | D:3      | HP: 1/42 [poisoned by an adder]
  2099 | D:3      | Succumbed to an adder's poison

Illustrated notes

Levels and vault maps discovered:
D:1:      nzn_arrival_settlement, layout_loops_ring, serial_glass,
          glass_columns_c, glass_columns_c
D:2:      layout_loops_ring, kennysheep_nondescript, grunt_ministairs_9
D:3:      layout_loops_ring, minitemple, cheibrodos_sewer_entry_bend,
          grunt_ministairs_4

Skill      XL: |  1  2  3 |
---------------+----------+-----
Spellcasting   | 2 |  2.0
Stealth        | 1 2 |  2.0
Ice Magic      | 5 |  5.0
Conjurations   | 1 |  1.0
Fighting       | |  1.5
Axes           | |  1.0
Evocations     | |  1.0

Action                     || total
---------------------------++-------
  Melee: Hand axe          ||    21
   Cast: Freeze            ||    82
    Use: Scroll            ||     4
         Potion            ||     1
 Armour: Robe              ||    15
  Dodge: Dodged            ||    46
  Block: Buckler           ||    11
